 Dungeon Crawl Stone Soup version 0.28.0 (webtiles) character file.

Game seed: 16537849980560476735

658 sizableburger the Chiller (level 7, -1/52 HPs)
             Began as a Human Ice Elementalist on Feb 6, 2022.
             Was an Initiate of Gozag.
             Killed from afar by a steam dragon (17 damage)
             ... with a ball of steam
             ... on level 4 of the Dungeon.
             The game lasted 00:13:33 (5604 turns).

sizableburger the Chiller (Human Ice Elementalist)  Turns: 5604, Time: 00:13:33

Health: -1/52      AC:  2    Str: 14    XL:     7   Next: 85%
Magic:  3/11       EV: 12    Int: 17    God:    Gozag
Gold:   580        SH:  0    Dex: 14    Spells: 2/12 levels left

rFire   . . .      SeeInvis .   d - +0 halberd
rCold   . . .      Faith    .   (shield currently unavailable)
rNeg    + . .      Spirit   .   a - +0 robe
rPois   .          Reflect  .   (no helmet)
rElec   .          Harm     .   (no cloak)
rCorr   .          Rampage  .   (no gloves)
Will    .....                   (no boots)
Stlth   ++........              (no amulet)
HPRegen 0.17/turn               h - +6 ring of strength
MPRegen 0.12/turn               n - ring of positive energy

@: gold aura
A: no striking features
a: Renounce Religion, Potion Petition, Call Merchant, Bribe Branch


You were on level 4 of the Dungeon.
You worshipped Gozag.
Gozag was pleased with you.
You visited 1 branch of the dungeon, and saw 4 of its levels.
You also visited: Sewer.

You collected 602 gold pieces.
You paid 22 gold pieces to Gozag.

Inventory:

Hand Weapons
 d - a +0 halberd (weapon)
 f - a +0 dagger
Armour
 a - a +0 robe (worn)
Jewellery
 h - a +6 ring of strength (left hand)
 j - an amulet of guardian spirit
 n - a ring of positive energy (right hand)
 r - a ring of fire
Scrolls
 e - a scroll of torment {unknown}
 g - a scroll of magic mapping {unknown}
 k - a scroll of holy word {unknown}
 l - 2 scrolls of enchant weapon {unknown}
 m - a scroll of silence {unknown}
 o - a scroll of teleportation
 p - a scroll of identify
Potions
 b - a potion of degeneration {unknown}
 c - a potion of attraction {unknown}
 i - a potion of lignification {unknown}
 q - a potion of resistance {unknown}


   Skills:
 + Level 3.5 Fighting
 + Level 3.2 Polearms
 - Level 2.0 Dodging
 - Level 2.0 Stealth
 - Level 3.2 Spellcasting
 + Level 3.8 Summonings
 + Level 5.2 Ice Magic


You had 2 spell levels left.
You knew the following spells:

 Your Spells              Type           Power      Damage    Failure   Level
a - Freeze                Ice            80%        1d9       1%          1
b - Frozen Ramparts       Ice            40%        1d6       6%          3
c - Ozocubu's Armour      Ice            20%        N/A       6%          3
d - Call Canine Familiar  Summ           15%        N/A       11%         3

Your spell library contained the following spells:

 Spells                   Type           Power      Damage    Failure   Level
 Portal Projectile        Hex/Tloc       4%         N/A       45%         3
 Hailstorm                Conj/Ice       11%        3d5       50%         4
 Leda's Liquefaction      Hex/Erth       1%         N/A       86%         4


Dungeon Overview and Level Annotations

Branches:
Dungeon (4/15)              Sewer (visited)
 Temple: D:4-7

Altars:
Gozag
Okawaru

Shops:
D:2 (   D:3 :

Annotations:
D:2 Sigmund


Message History

Casting: Ozocubu's Armour (dangerous; 6% risk of failure)
Confirm with . or Enter, or press ? or * to list all spells.
Casting: Frozen Ramparts (dangerous; 6% risk of failure)
Press: ? - help, Dir - look around, f - activate The walls around you are covered in ice.
The endoplasm quivers.
A steam dragon comes into view.
The wall freezes the endoplasm.
Unknown command.
The wall freezes the endoplasm.
You kill the endoplasm!
The wall freezes the kobold.
You kill the kobold!
The steam dragon breathes steam at you. The ball of steam hits you!
You are engulfed in a cloud of scalding steam.
Unknown command.
You start resting.
The wall freezes the steam dragon.
Casting: Frozen Ramparts (dangerous; 6% risk of failure)
Confirm with . or Enter, or press ? or * to list all spells.
Aiming: Freeze (safe; 1% risk of failure)
Press: ? - help, Shift-Dir - straight line, f - steam dragon
Aim: a steam dragon (steam, lightly wounded)
You freeze the steam dragon.
The steam dragon is lightly wounded.
The wall freezes the steam dragon.
The steam dragon bites you!
* * * LOW HITPOINT WARNING * * *
The steam dragon claws you but does no damage.
Casting: Freeze (safe; 1% risk of failure)
Confirm with . or Enter, or press ? or * to list all spells.
Aiming: Freeze (safe; 1% risk of failure)
Press: ? - help, Shift-Dir - straight line, f/p - steam dragon
Aim: a steam dragon (moderately wounded)
You freeze the steam dragon.
The steam dragon is heavily wounded.
The frozen ramparts melt away.
The steam dragon breathes steam at you. The ball of steam hits you!
You die...
Your body crumbles into a pile of gold.

#...# .#o ########
#.#..K.#.. #
S...... # #...# #
#$# # #$# # #$# #
#D# # #@# # #.# #.#
#.# #.# # #.# ##
#.# #########.
##.## #.........
#...######.#######.


You could see a steam dragon (catching breath).

Vanquished Creatures
  An ogre (D:4)
  A phantom (D:4)
  2 bullfrogs (Sewer)
  A scorpion (D:3)
  A bullfrog zombie (D:3)
  A hound (D:4)
  A centaur skeleton (D:4)
  An iguana (D:3)
  4 gnolls
  6 adders
  An ufetubus (D:4)
  2 worms
  2 dart slugs
  4 orcs
  5 endoplasms
  10 giant cockroaches
  4 goblins
  5 hobgoblins
  A jackal (D:2)
  6 quokkas
  7 ball pythons
  3 bats
  11 frilled lizards
  10 kobolds
  10 rats
100 creatures vanquished.

Vanquished Creatures (others)
  An endoplasm (D:4)
  44 plants (D:2)
45 creatures vanquished.

Grand Total: 145 creatures vanquished

Notes
Turn   | Place    | Note
-------+----------+-------------------------------------------
     0 | D:1      | sizableburger the Human Ice Elementalist began the quest
                  | for the Orb.
     0 | D:1      | Reached XP level 1. HP: 13/13 MP: 3/3
   263 | D:1      | Reached XP level 2. HP: 20/20 MP: 3/5
   369 | D:1      | Found a faded altar of an unknown god.
   902 | D:1      | You fall into a shaft and drop 1 floor!
   955 | D:2      | Reached skill level 1 in Fighting
  1071 | D:1      | Reached XP level 3. HP: 26/26 MP: 2/6
  1377 | D:2      | Found an opulent altar of Gozag.
  1382 | D:2      | Learned a level 3 spell: Frozen Ramparts
  1388 | D:2      | Became a worshipper of Gozag Ym Sagoz the Greedy
  1465 | D:2      | Found Lattech's Antique Weapon Shop.
  1503 | D:2      | Noticed Sigmund
  1721 | D:3      | Found Bipeph's Book Boutique.
  1740 | D:3      | Noticed a scorpion
  1744 | D:3      | Killed a scorpion
  1745 | D:3      | Reached XP level 4. HP: 33/33 MP: 2/8
  1802 | D:3      | Learned a level 3 spell: Ozocubu's Armour
  1851 | D:3      | Reached XP level 5. HP: 36/38 MP: 6/9
  2317 | D:2      | Reached skill level 5 in Ice Magic
  2393 | D:2      | Learned a level 3 spell: Call Canine Familiar
  2771 | D:3      | Reached skill level 1 in Summonings
  2959 | D:3      | Reached XP level 6. HP: 20/46 MP: 10/10
  3693 | D:3      | Found an iron altar of Okawaru.
  3765 | D:4      | Noticed an ogre
  3775 | D:4      | Noticed a nameless horror
  3781 | D:4      | Found a glowing drain.
  3790 | Sewer    | Entered a sewer
  4298 | Sewer    | Reached skill level 1 in Polearms
  4520 | Sewer    | Reached XP level 7. HP: 12/52 MP: 0/11
  5596 | D:4      | Noticed a steam dragon
  5604 | D:4      | Killed from afar by a steam dragon

Illustrated notes

Levels and vault maps discovered:
D:1:      tarquinn_simple_flora_water_d, layout_loops_corners,
          shapermc_ecumenical_altar_venn, nicolae_concentric_dashed_squares_wild
D:2:      layout_loops_ring, serial_shops, shop, serial_bayou,
          serial_bayou_lagoon_a, serial_bayou_pond_a, serial_bayou_ford_a,
          serial_bayou_lagoon_b, basic_altar, kennysheep_potato, uniq_sigmund
D:3:      layout_basic, okawaru_altar_gauntlet_db, serial_shops,
          nicolae_shop_window_shopping, serial_park_tiny_1, corexii_shack,
          hangedman_decor_clover_reticule
D:4:      layout_loops_ring, lemuel_coloured_pillars_altar,
          cheibrodos_sewer_entry_drain, minmay_increasing_density

Skill      XL: |  1  2  3  4  5  6  7 |
---------------+----------------------+-----
Fighting       | 1 2 3 |  3.5
Spellcasting   | 3 |  3.2
Ice Magic      | 5 |  5.2
Summonings     | 1 3 |  3.8
Polearms       | 2 3 |  3.2
Dodging        | |  2.0
Stealth        | |  2.0

Action                   |  1- 3 |  4- 6 |  7- 9 || total
-------------------------+-------+-------+-------++-------
Melee: Unarmed           |     2 |       |       ||     2
       Dagger            |     5 |    89 |       ||    94
       Punch             |       |     2 |       ||     2
       Halberd           |       |   101 |    44 ||   145
 Cast: Freeze            |    38 |    23 |     6 ||    67
       Frozen Ramparts   |     1 |    10 |     5 ||    16
       Ozocubu's Armour  |       |     4 |     3 ||     7
  Use: Scroll            |     3 |     3 |       ||     6
       Potion            |       |     2 |     2 ||     4
 Stab: Sleeping          |     1 |     5 |       ||     6
       Distracted        |       |       |     1 ||     1
Armor: Robe              |     3 |    54 |    10 ||    67
Dodge: Dodged            |    22 |   154 |    37 ||   213
